 Dungeon Sprint DCSS version 0.30-a0-920-g7493c07aab (webtiles) character file.

Game seed: 17252523476077384082

5900000 Atreus the Plane Walker (level 17, -70/104 HPs)
             Began as a Felid Warper on Mar 21, 2023.
             Was the Champion of Makhleb.
             Annihilated by a meat berserker
             ... wielding a +9 battleaxe
              (80 damage)
             ... in the Dungeon (Sprint VIII: "Arena of Blood").
             The game lasted 00:03:07 (59 turns).

Atreus the Plane Walker (Felid Warper)                Turns: 59, Time: 00:03:07

Health: -70/104    AC:  3    Str:  7    XL:     17   Next: 56%
Magic:  49/49      EV: 46    Int: 15    God:    Makhleb [******]
Gold:   0          SH:  0    Dex: 23    Spells: 70/70 levels left
                                        Lives:  0   Deaths: 3

rFire   . . .      SeeInvis +      - Unarmed
rCold   + . .      Faith    .    (shield unavailable)
rNeg    . . .      Spirit   .    (body armour unavailable)
rPois   .          Reflect  .    (helmet unavailable)
rElec   .          Rampage  .    (cloak unavailable)
rCorr   .          NoTele   +    (gloves unavailable)
Will    ++...                    (boots unavailable)
Stlth   ++++++++++               (no amulet)
HPRegen 0.37/turn                g - +27000 ring of slaying
MPRegen 0.31/turn                (no ring)

@: quick
A: very small, claws 1, fangs 3, see invisible, speed 1, shaggy fur 3, stealthy
paws, no weapons or thrown items, no armour, multi-lived
a: Renounce Religion, Minor Destruction, Lesser Servant of Makhleb, Major
Destruction, Greater Servant of Makhleb


You were in the Dungeon.
You worshipped Makhleb.
Makhleb was exalted by your worship.
You visited 1 branch

Inventory:

Jewellery
 g - a +27000 ring of slaying (left paw)
Potions
 d - a potion of haste
 e - 2 potions of magic


   Skills:
 O Level 27 Fighting
 O Level 27 Dodging
 O Level 27 Stealth
 O Level 27 Unarmed Combat
 O Level 27 Spellcasting
 + Level 14.0 Conjurations
 + Level 20.8 Hexes
 + Level 15.2 Summonings
 + Level 15.2 Necromancy
 O Level 27 Translocations
 + Level 15.9 Transmutations
 + Level 13.5 Fire Magic
 + Level 13.5 Ice Magic
 + Level 13.5 Air Magic
 + Level 13.2 Earth Magic
 + Level 13.2 Poison Magic
 + Level 14.3 Invocations
 + Level 15.5 Evocations


You had 70 spell levels left.
You didn't know any spells.
Your spell library contained the following spells:

 Spells                   Type           Power      Damage    Failure   Level
 Blink                    Tloc           100%       N/A       0%          2
 Lesser Beckoning         Tloc           100%       N/A       0%          2
 Teleport Other           Tloc           79%        N/A       0%          3
 Vhi's Electric Charge    Tloc/Air       100%       N/A       0%          3
 Manifold Assault         Tloc           79%        N/A       0%          4


Dungeon Overview and Level Annotations

Branches:
Dungeon (1/1)

Altars:
Makhleb


Innate Abilities, Weirdness & Mutations

You have sharp claws.
You have razor-sharp teeth.
You have supernaturally acute eyesight. (SInv)
You cover ground quickly. (Speed+)
Your thick and shaggy fur keeps you warm. (AC +3, rC+)
Your paws help you pounce on unaware monsters.
You are incapable of wielding weapons or throwing items.
You cannot wear armour.
You gain extra lives every three experience levels.


Message History

The large bag of meat hits you with a +9 giant spiked club!!!!
You hear a shout! x3
You are now level 17!
You rejoin the land of the living...
Attack: -) Teeth and claws
Press: ? - help, Dir - move target, f - large bag of meat
Aim: a large bag of meat, wielding a +9 giant spiked club and wearing a +100 ring of slaying (inner flame, about 0% to evade your paws)
The bag of meat shouts! x2
You eviscerate the large bag of meat!!!!!!!!!!!
Makhleb accepts your kill.
The large bag of meat explodes!
The fiery explosion engulfs you!!!
The fiery explosion engulfs the destroyer!
The fiery explosion engulfs the meat berserker!!
You are engulfed in blazing flames.
You hear a shout! x4
The meat berserker is engulfed in blazing flames.
A bag of meat comes into view. It is wielding a +9 war axe.
The destroyer is engulfed in blazing flames.
You hear a shout! x2
Your Conjurations skill increases to level 14!
Your Summonings skill increases to level 15!
Your Necromancy skill increases to level 15!
Your Earth Magic skill increases to level 13!
Your Poison Magic skill increases to level 13!
Your Invocations skill increases to level 14!
Your Evocations skill increases to level 15!
You hear a shout! x9
The meat berserker is engulfed in blazing flames.
The meat berserker hits you with a +9 battleaxe!!!
* * * LOW HITPOINT WARNING * * *
You hear a shout! x3
You see here the felid corpse of Atreus.
Unknown command.
Unknown command.
You feel better.
The meat berserker is engulfed in blazing flames.
The meat berserker hits you with a +9 battleaxe!!!!
Ouch! That really hurt!
You die...

.............
...#.#......
...........####
.........oo....
................o.
.........o..o....
................. .
#.......#OV§..... #..
#.......#@O§.....
....###.......###o.....
.......))###......o....
#.....))._............
.......#.)§..#O.o....#.
.......#_.VL§#Lo.......
.....§.#○)§§z#Oz....#.#
.#.....)§)§○O§).......
........†###oOo......#


You could see a destroyer, 2 meat berserkers and 7 bags of meat.

Vanquished Creatures
  2 vampire knights (D)
  8 ogres (D)
  5 two-headed ogres (D)
  18 orcs (D)
  2 skeletal warriors (D)
35 creatures vanquished.

Notes
Turn   | Place    | Note
-------+----------+-------------------------------------------
     0 | D        | Atreus the Felid Warper began the quest for the Orb.
     0 | D        | Reached XP level 1. HP: 9/9 MP: 4/4
     2 | D        | Noticed a bag of meat
     3 | D        | Noticed a bag of meat
     3 | D        | Noticed a bag of meat
     4 | D        | Became a worshipper of Makhleb the Destroyer
     4 | D        | Noticed a bag of meat
     6 | D        | Noticed a bag of meat
     7 | D        | Noticed a meat berserker
     8 | D        | Noticed a bag of meat
     9 | D        | Noticed a bag of meat
    10 | D        | Killed a bag of meat
    11 | D        | Reached skill level 15 in Dodging
    11 | D        | Reached skill level 10 in Spellcasting
    11 | D        | Reached XP level 2. HP: 19/19 MP: 4/14
    11 | D        | Reached XP level 3. HP: 22/22 MP: 4/15
    11 | D        | Reached XP level 4. HP: 26/26 MP: 4/17
    11 | D        | Reached XP level 5. HP: 29/29 MP: 4/18
    11 | D        | Gained mutation: You are covered in thick fur. (AC +2)
                  | [Felid growth]
    11 | D        | Reached XP level 6. HP: 33/33 MP: 4/20
    11 | D        | Reached XP level 7. HP: 37/37 MP: 4/21
    11 | D        | Reached XP level 8. HP: 40/40 MP: 4/23
    11 | D        | Reached XP level 9. HP: 44/44 MP: 4/24
    11 | D        | Reached XP level 10. HP: 48/48 MP: 4/25
    11 | D        | Killed a bag of meat
    11 | D        | Reached * piety under Makhleb
    11 | D        | Noticed a meat berserker
    12 | D        | Reached skill level 10 in Unarmed Combat
    12 | D        | Reached XP level 11. HP: 53/53 MP: 4/27
    12 | D        | Killed a bag of meat
    12 | D        | Noticed a meat berserker
    13 | D        | Reached skill level 10 in Fighting
    13 | D        | Reached skill level 27 in Translocations
    13 | D        | Gained mutation: Your thick and shaggy fur keeps you warm.
                  | (AC +3, rC+) [Felid growth]
    13 | D        | Reached XP level 12. HP: 59/59 MP: 4/30
    13 | D        | Killed a bag of meat
    14 | D        | Reached XP level 13. HP: 24/64 MP: 4/32
    14 | D        | Killed a meat berserker
    14 | D        | Reached ** piety under Makhleb
    14 | D        | Noticed a meat berserker
    15 | D        | Killed a bag of meat
    16 | D        | Reached XP level 14. HP: 27/72 MP: 4/35
    16 | D        | Noticed a bag of meat
    17 | D        | Noticed a bag of meat
    17 | D        | Killed a meat berserker
    17 | D        | Noticed a bag of meat
    18 | D        | Reached skill level 15 in Fighting
    18 | D        | Reached skill level 27 in Dodging
    18 | D        | Noticed a meat berserker
    18 | D        | Noticed a meat berserker
    19 | D        | Killed a bag of meat
    19 | D        | Reached *** piety under Makhleb
    19 | D        | Noticed a bag of meat
    20 | D        | Killed a meat berserker
    21 | D        | Reached XP level 15. HP: 59/81 MP: 5/40
    23 | D        | Noticed a large bag of meat
    23 | D        | Killed a meat berserker
    23 | D        | Reached **** piety under Makhleb
    25 | D        | Reached XP level 16. HP: 89/89 MP: 6/43
    25 | D        | Noticed a large bag of meat
    25 | D        | Noticed a meat berserker
    25 | D        | Noticed a large bag of meat
    25 | D        | Noticed a large bag of meat
    26 | D        | Killed a meat berserker
    26 | D        | Noticed a meat berserker
    27 | D        | Reached skill level 27 in Unarmed Combat
    27 | D        | Noticed a large bag of meat
    28 | D        | Reached ***** piety under Makhleb
    29 | D        | Noticed a meat berserker
    30 | D        | Killed a meat berserker
    31 | D        | Reached skill level 27 in Spellcasting
    31 | D        | Reached XP level 17. HP: 102/102 MP: 7/49
    31 | D        | Noticed a sculptor of flesh
    31 | D        | Killed a meat berserker
    32 | D        | Reached skill level 27 in Fighting
    32 | D        | Slain by a large bag of meat
    32 | D        | Noticed a destroyer
    33 | D        | Reached XP level 16. HP: -1/150 MP: 7/48
    35 | D        | Reached skill level 5 in Transmutations
    35 | D        | Killed a large bag of meat
    36 | D        | Reached skill level 5 in Conjurations
    36 | D        | Reached skill level 5 in Fire Magic
    36 | D        | Reached skill level 5 in Ice Magic
    36 | D        | Reached skill level 5 in Air Magic
    36 | D        | Reached skill level 5 in Earth Magic
    36 | D        | Reached skill level 5 in Poison Magic
    37 | D        | Noticed a destroyer
    38 | D        | Noticed a destroyer
    40 | D        | Reached skill level 10 in Stealth
    40 | D        | Reached skill level 10 in Hexes
    40 | D        | Noticed a sculptor of flesh
    40 | D        | Killed a large bag of meat
    40 | D        | Reached ****** piety under Makhleb
    41 | D        | Reached XP level 17. HP: 34/104 MP: 49/49
    41 | D        | Noticed a sculptor of flesh
    41 | D        | Noticed a destroyer
    41 | D        | Noticed a destroyer
    43 | D        | Noticed a meat berserker
    43 | D        | Killed a meat berserker
    44 | D        | Reached skill level 10 in Transmutations
    44 | D        | Noticed a tyrant
    45 | D        | Killed a sculptor of flesh
    46 | D        | Killed a destroyer
    47 | D        | Reached skill level 27 in Stealth
    47 | D        | Reached XP level 18. HP: 94/109 MP: 50/50
    47 | D        | Noticed a tyrant
    47 | D        | Noticed a meat berserker
    47 | D        | Noticed a destroyer
    48 | D        | Reached skill level 10 in Conjurations
    48 | D        | Reached skill level 15 in Hexes
    48 | D        | Reached skill level 10 in Fire Magic
    48 | D        | Reached skill level 10 in Ice Magic
    48 | D        | Reached skill level 10 in Air Magic
    48 | D        | Reached skill level 10 in Invocations
    48 | D        | Noticed a large bag of meat
    49 | D        | Killed a large bag of meat
    50 | D        | Reached skill level 10 in Earth Magic
    50 | D        | Reached skill level 10 in Poison Magic
    50 | D        | Killed a destroyer
    52 | D        | Killed a large bag of meat
    52 | D        | HP: 4/109 [spore (36)]
    52 | D        | Annihilated by a sculptor of flesh
    53 | D        | Reached XP level 17. HP: -57/104 MP: 49/49
    53 | D        | Reached XP level 18. HP: 109/109 MP: 50/50
    53 | D        | Noticed a meat berserker
    53 | D        | Noticed a sculptor of flesh
    53 | D        | Killed a sculptor of flesh
    54 | D        | Reached skill level 15 in Transmutations
    56 | D        | Demolished by a large bag of meat
    57 | D        | Reached XP level 17. HP: -15/104 MP: 49/49
    57 | D        | Killed a large bag of meat
    58 | D        | Reached skill level 15 in Summonings
    58 | D        | Reached skill level 15 in Necromancy
    58 | D        | Reached skill level 15 in Evocations
    58 | D        | HP: 2/104 [meat berserker/+9 battleaxe (45)]
    59 | D        | Annihilated by a meat berserker

Illustrated notes

Levels and vault maps discovered:
D:        meatsprint

Skill      XL: |  1  2  3  4  5  6  7  8  9 10 11 12 13 14 15 16 17 18 |
---------------+-------------------------------------------------------+-----
Fighting       | 8 9 10 12 14 18 20 26 27 | 27.0
Dodging        | 15 17 20 21 25 27 | 27.0
Unarmed Combat | 9 10 12 13 16 21 25 27 | 27.0
Spellcasting   | 10 11 13 14 16 20 22 27 | 27.0
Translocations | 23 26 27 | 27.0
Stealth        | 11 27 | 27.0
Conjurations   | 7 14 13 | 14.0
Hexes          | 11 19 20 | 20.8
Summonings     | 8 15 14 | 15.2
Necromancy     | 8 15 14 | 15.2
Transmutations | 8 10 15 | 15.9
Fire Magic     | 7 12 13 | 13.5
Ice Magic      | 7 12 13 | 13.5
Air Magic      | 7 12 13 | 13.5
Earth Magic    | 6 13 11 | 13.2
Poison Magic   | 6 13 11 | 13.2
Invocations    | 7 14 12 | 14.3
Evocations     | 8 15 13 | 15.5

Action                     |  1- 3 |  4- 6 |  7- 9 | 10-12 | 13-15 | 16-18 || total
---------------------------+-------+-------+-------+-------+-------+-------++-------
  Melee: Unarmed           |     1 |       |       |     3 |     8 |    23 ||    35
         Punch             |       |       |       |       |       |     1 ||     1
    Use: Scroll            |       |       |       |       |     1 |     1 ||     2
         Potion            |       |       |       |       |     1 |     2 ||     3
  Dodge: Dodged            |       |       |       |       |     3 |     6 ||     9

Table legend: (Time is in decaauts)
 A = Elapsed time spent in this place.
 B = Non-inter-level travel time spent in this place.
 C = Inter-level travel time spent in this place.
 D = Time resting spent in this place.
 E = Time spent auto-exploring this place.
 F = Levels seen in this place.
 G = Mean time per level.
                   A        B        C        D        E       F      G
               +--------+--------+--------+--------+--------+-----+--------+
         Total |     41 |     41 |      0 |      0 |      0 |   1 |   41.0 |
       Dungeon |     41 |     41 |      0 |      0 |      0 |   1 |   41.0 |
               +--------+--------+--------+--------+--------+-----+--------+

Top non-repeatable levels by time:
       D: 41 daAuts
